 Dungeon Crawl Stone Soup version 0.25-a0-1130-g3926558 (webtiles) character file.

Game seed: 15814259947644197978, levelgen mode: deterministic

29 Faca the Poker (level 3, -7/29 HPs)
             Began as a Merfolk Gladiator on May 19, 2020.
             Killed by divine providence
             ... invoked by an orc priest
              (16 damage)
             ... on level 2 of the Dungeon.
             The game lasted 00:02:06 (1479 turns).

Faca the Poker (Merfolk Gladiator)                  Turns: 1479, Time: 00:02:06

Health: -7/29      AC:  6    Str: 15    XL:     3   Next: 16%
Magic:  3/3        EV: 12    Int:  7    God:
Gold:   51         SH:  0    Dex: 15    Spells: 2/2 levels left

rFire    . . .     SeeInvis .   a - +0 trident
rCold    . . .     Gourm    .   (no shield)
rNeg     . . .     Faith    .   i - +0 ring mail
rPois    .         Spirit   .   c - +0 helmet
rElec    .         Reflect  .   (no cloak)
rCorr    .         Harm     .   (no gloves)
MR       .....                  (no boots)
Stlth    +.........             (no amulet)
HPRegen  0.09/turn              (no ring)
MPRegen  0.08/turn              (no ring)

@: no status effects
A: change form in water, swift swim, stealthy swim
a: no special abilities


You were on level 2 of the Dungeon.
You were near starving.

You visited 1 branch of the dungeon, and saw 2 of its levels.

You collected 51 gold pieces.

Inventory:

Hand Weapons
 a - a +0 trident (weapon)
Missiles
 d - 4 throwing nets (quivered)
Armour
 c - a +0 helmet (worn)
 i - a +0 ring mail (worn)
Scrolls
 m - 4 scrolls of remove curse
Potions
 b - a potion of curing {unknown}
 e - a potion of haste {unknown}
 h - a potion of flight
 k - 3 potions of heal wounds {unknown}
 l - a potion of invisibility
Comestibles
 f - 2 rations


   Skills:
 + Level 3.1 Fighting
 + Level 5.3 Polearms
 - Level 2.0 Throwing
 - Level 4.0 Dodging


You had 2 spell levels left.
You didn't know any spells.
Your spell library was empty.

Dungeon Overview and Level Annotations

Branches:
Dungeon (2/15)

Altars:
Dithmenos
Trog
Xom


Message History

The bat hits you but does no damage. The bat barely misses you.
The bat closely misses you. The bat hits you but does no damage.
The bat closely misses you. The bat hits you but does no damage.
The orc priest mumbles some strange prayers to Beogh against you.
Beogh smites you! The bat barely misses you.
The bat hits you but does no damage. The bat hits you but does no damage.
The bat barely misses you. The bat hits you but does no damage.
The bat hits you.
Okay, then.
The bat hits you but does no damage. x2
The bat closely misses you. The bat hits you but does no damage.
The bat hits you but does no damage. x2
The bat misses you. The bat barely misses you.
The orc priest invokes the aid of Beogh against you.
Beogh smites you!
Ouch! That really hurt!
You die...

.(..######.##.# #..# #.....
...........##.# #..# ####..
#...######.##.# #..# #..
##.#######.##.# #..# #..
#.......#o##.# #..# ##.
#.#####.#.##b# #.># #. #.#
#.#.##.# #..# #.
#.#####.#.##.###..#############.
#.........o..bb@................
#####################.######.###
#........# ##########


You could see an orc priest and 2 bats.

Vanquished Creatures
  An adder (D:2)
  2 giant cockroaches (D:1)
  3 hobgoblins (D:1)
  5 bats
  3 frilled lizards
  3 goblins (D:1)
  2 kobolds (D:1)
  2 rats (D:1)
21 creatures vanquished.

Notes
Turn   | Place    | Note
-------+----------+-------------------------------------------
     0 | D:1      | Faca the Merfolk Gladiator began the quest for the Orb.
     0 | D:1      | Reached XP level 1. HP: 16/16 MP: 1/1
   223 | D:1      | Reached XP level 2. HP: 20/23 MP: 2/2
   284 | D:1      | You fall into a shaft and drop 1 floor!
   284 | D:2      | Found a shadowy altar of Dithmenos.
   440 | D:1      | Reached skill level 5 in Polearms
  1144 | D:2      | Found a bloodstained altar of Trog.
  1155 | D:2      | Found a shimmering altar of Xom.
  1227 | D:2      | Reached XP level 3. HP: 14/29 MP: 3/3
  1479 | D:2      | Killed from afar by an orc priest

Illustrated notes

Levels and vault maps discovered:
D:1:      sevenhm_arrival_forest_fort_small_6, layout_basic,
          kennysheep_another_room
D:2:      cheibrodos_pilgrimage, layout_loops_ring, lemuel_doored_altar,
          nicolae_dithmenos_shadow_blocks, first_ration, xom_teletrap_fun

Skill      XL: |  1  2 |
---------------+-------+-----
Polearms       | 5 |  5.3
Fighting       | 3 |  3.1
Throwing       | |  2.0
Dodging        | |  4.0

Action                   || total
-------------------------++-------
Melee: Trident           ||    96
  Use: Scroll            ||     5
Armor: Leather armour    ||    10
       Ring mail         ||    45
Dodge: Dodged            ||   113

Table legend:
 A = Non-vault XP
 B = Vault XP
 C = Vault XP percentage of total XP
 D = Non-vault monster count
 E = Vault monster count
 F = Vault count percentage of total count
                 A         B        C        D         E       F
            +---------+---------+-------+---------+---------+-------
      Total |      42 |       0 |   0.0 |      21 |       0 |   0.0
            +---------+---------+-------+---------+---------+-------
        D:1 |      25 |       0 |   0.0 |      18 |       0 |   0.0
        D:2 |      17 |       0 |   0.0 |       3 |       0 |   0.0
            +---------+---------+-------+---------+---------+-------
